 Dungeon Crawl Stone Soup version 0.28.0-53-g5a82cb258f (webtiles) character file.

Game seed: 8237007280013097909

1528 DungeonMaster the Magician (level 8, -12/52 HPs)
             Began as a Demonspawn Hedge Wizard on July 5, 2022.
             Was an Initiate of Gozag.
             Mangled by a yak (15 damage)
             ... on level 6 of the Dungeon.
             The game lasted 00:09:58 (5800 turns).

DungeonMaster the Magician (DsWz)                   Turns: 5800, Time: 00:09:58

Health: -12/52     AC:  3    Str: 10    XL:     8   Next: 55%
Magic:  0/17       EV: 12    Int: 19    God:    Gozag
Gold:   365        SH:  0    Dex: 12    Spells: 13/19 levels left

rFire   . . .      SeeInvis .   a - +2 mace (protect)
rCold   + . .      Faith    .   (no shield)
rNeg    . . .      Spirit   +   b - +0 robe
rPois   .          Reflect  .   c - +0 hat
rElec   .          Harm     .   (no cloak)
rCorr   .          Rampage  .   f - +0 pair of gloves
Will    .....                   (no boots)
Stlth   ++........              (no amulet)
HPRegen 0.17/turn               x - ring of protection from cold
MPRegen 0.30/turn               (no ring)

@: gold aura, very slightly contaminated
A: claws 2, magic shield, magic regeneration
a: Renounce Religion, Potion Petition, Call Merchant, Bribe Branch


You were on level 6 of the Dungeon.
You worshipped Gozag.
Gozag was aware of your devotion.
You visited 2 branches of the dungeon, and saw 7 of its levels.

You collected 438 gold pieces.
You paid 73 gold pieces to Gozag.

Inventory:

Hand Weapons
 a - a +2 mace of protection (weapon)
 s - a +1 war axe of venom
 w - a +2 hunting sling of freezing
Missiles
 d - 131 stones
 h - 29 bolts
 j - 3 poisoned darts
 n - a curare-tipped dart (quivered)
 p - 22 sling bullets
 r - 15 arrows
 t - 3 boomerangs
Armour
 b - a +0 robe (worn)
 c - a +0 hat (worn)
 f - a +0 pair of gloves (worn)
 o - a +1 leather armour
Jewellery
 x - a ring of protection from cold (left hand)
Wands
 e - a wand of paralysis (10)
 u - a wand of digging (5)
Scrolls
 k - 2 scrolls of fear
 m - a scroll of blinking
 v - a scroll of immolation
Potions
 g - a potion of brilliance
 i - a potion of mutation
 l - a potion of lignification {unknown}
 q - a potion of curing
 y - a potion of might {unknown}


   Skills:
 - Level 1.7 Dodging
 - Level 1.7 Stealth
 * Level 6.3 Spellcasting
 * Level 6.1 Conjurations
 - Level 1.0 Summonings
 - Level 0.8 Translocations
 * Level 3.8 Air Magic
 * Level 4.2 Poison Magic


You had 13 spell levels left.
You knew the following spells:

 Your Spells              Type           Power      Damage    Failure   Level
a - Magic Dart            Conj           100%       1d8       1%          1
b - Blink                 Tloc           18%        N/A       12%         2
d - Mephitic Cloud        Conj/Pois/Air  24%        N/A       4%          3

Your spell library contained the following spells:

 Spells                   Type           Power      Damage    Failure   Level
 Conjure Flame            Conj/Fire      17%        6-21      10%         3
 Slow                     Hex            24%        N/A       11%         1
 Call Imp                 Summ           9%         N/A       11%         2
 Ozocubu's Armour         Ice            6%         N/A       32%         3
 Ozocubu's Refrigeration  Ice            3%         4d5       100%        7


Dungeon Overview and Level Annotations

Branches:
Dungeon (6/15)             Temple (1/1) D:4

Altars:
Ashenzari
Cheibriados
Dithmenos
Elyvilon
Fedhas
Gozag
Hepliaklqana
Kikubaaqudgha
Nemelex Xobeh
Sif Muna
Trog
Uskayaw
Vehumet
Wu Jian
Yredelemnul
The Shining One

Shops:
D:5 (

Annotations:
D:3 Sigmund, Terence


Innate Abilities, Weirdness & Mutations

You have very sharp fingernails.
When hurt, damage is shared between your health and your magic reserves.
You regenerate magic rapidly.


Message History

You hit the yak but do no damage.
The yak is moderately wounded.
The yak gores you but does no damage. The yak gores you!
You sock the yak!
The yak is heavily wounded.
The yak is distracted by your dazzling golden aura.
You closely miss the yak.
The yak is no longer distracted by gold.
The yak bellows!
The yak is heavily wounded.
The yak gores you but does no damage. x2
You hit the yak.
The yak is heavily wounded.
The yak gores you.
You barely miss the yak.
The yak is heavily wounded.
The yak is distracted by your dazzling golden aura.
The yak bellows!
You hit the yak.
The yak is no longer distracted by gold.
The yak is severely wounded.
The yak closely misses you. The yak gores you!
* * * LOW HITPOINT WARNING * * *
You barely miss the yak.
The yak is severely wounded.
The yak barely misses you.
You hit the yak.
The yak is severely wounded.
The yak misses you. The yak gores you!
* * * LOW HITPOINT WARNING * * *
Casting: Magic Dart (safe; 1% risk of failure)
Confirm with . or Enter, or press ? or * to list all spells.
You miscast Blink.
You are very lightly contaminated with residual magic.
Nothing appears to happen.
The yak barely misses you.
Casting: Blink (safe; 12% risk of failure)
Confirm with . or Enter, or press ? or * to list all spells.
You miscast Blink.
Nothing appears to happen.
The yak gores you!
You die...
Your body crumbles into a pile of gold.

##.##........######....#
#.##........# ####..$#
#.##........# #)#
#.####...[### .. #..#
#)#########
##.###)#.......#
#.##..#.......#
#..#.##.......####
##.).##......@Y..#
####..###.......##.#######
#......####.######....$..#
#.####.## #.# #######..)#
#. #..###.# ##.<...
...###..##.# ...Y
#......##.# ##.
#####..#..#####
#............


You could see a yak.

Vanquished Creatures
  3 yaks (D:6)
  An ice beast (D:5)
  2 necrophages
  2 ogres (D:4)
  A phantom (D:5)
  Blork the orc (D:6)
  2 scorpions (D:5)
  2 water moccasin skeletons
  A hound (D:4)
  A bullfrog zombie (D:6)
  A jelly (D:4)
  Ijyb (D:3)
  An iguana (D:5)
  A howler monkey skeleton (D:4)
  A howler monkey zombie (D:6)
  5 adders
  A shadow imp (D:5)
  2 white imps (D:6)
  An ufetubus (D:4)
  2 dart slugs
  13 orcs
  2 ball pythons
  2 bats (D:1)
  5 endoplasms
  9 goblins
  7 hobgoblins
  4 jackals
  3 quokkas
  2 frilled lizards (D:1)
  4 kobolds
  2 rats
85 creatures vanquished.

Notes
Turn   | Place    | Note
-------+----------+-------------------------------------------
     0 | D:1      | DungeonMaster the Demonspawn Hedge Wizard began the quest
                  | for the Orb.
     0 | D:1      | Reached XP level 1. HP: 13/13 MP: 4/4
   237 | D:1      | Found a faded altar of an unknown god.
   252 | D:1      | Gained mutation: You regenerate magic rapidly. [demonic
                  | ancestry]
   252 | D:1      | Reached XP level 2. HP: 7/19 MP: 1/6
   444 | D:1      | You fall into a shaft and drop 1 floor!
   736 | D:2      | Reached XP level 3. HP: 22/24 MP: 2/8
  1070 | D:2      | Found a shadowy altar of Dithmenos.
  2038 | D:3      | Noticed Terence
  2089 | D:4      | Reached XP level 4. HP: 18/30 MP: 0/10
  2323 | D:3      | Noticed Ijyb
  2327 | D:3      | Killed Ijyb
  2328 | D:3      | Gained mutation: You have sharp fingernails. [demonic
                  | ancestry]
  2328 | D:3      | Reached XP level 5. HP: 31/35 MP: 8/11
  2526 | D:3      | Found a sparkling altar of Nemelex Xobeh.
  2569 | D:3      | Noticed Sigmund
  2661 | D:4      | Noticed a necrophage
  2670 | D:5      | Entered Level 5 of the Dungeon
  2928 | D:5      | Noticed an ice beast
  3105 | D:5      | Learned a level 2 spell: Blink
  3109 | D:5      | Learned a level 3 spell: Mephitic Cloud
  3109 | D:5      | Found a shimmering blue altar of Sif Muna.
  3149 | D:4      | Gained mutation: You have very sharp fingernails. [demonic
                  | ancestry]
  3149 | D:4      | Reached XP level 6. HP: 37/41 MP: 13/13
  3168 | D:4      | HP: 2/41 [ogre/+0 giant spiked club (18)]
  3170 | D:4      | Reached skill level 5 in Spellcasting
  3170 | D:4      | Reached skill level 1 in Air Magic
  3170 | D:4      | Reached skill level 1 in Poison Magic
  3505 | D:4      | Found a shadowy altar of Dithmenos.
  3825 | D:4      | Found a staircase to the Ecumenical Temple.
  3835 | Temple   | Entered the Ecumenical Temple
  3889 | Temple   | Became a worshipper of Gozag Ym Sagoz the Greedy
  4000 | D:4      | Gained mutation: When hurt, damage is shared between your
                  | health and your magic reserves. [demonic ancestry]
  4000 | D:4      | Reached XP level 7. HP: 46/46 MP: 9/14
  4110 | D:4      | Found a snail-covered altar of Cheibriados.
  4203 | D:4      | Found an ornate altar of the Wu Jian Council.
  4473 | D:5      | Reached skill level 5 in Conjurations
  4902 | D:5      | Found Xaofeuci's Antique Weapon Shoppe.
  5298 | D:6      | Noticed Blork the orc
  5540 | D:6      | Killed Blork the orc
  5541 | D:6      | Reached XP level 8. HP: 38/52 MP: 9/16
  5792 | D:6      | HP: 2/52 [yak (8)]
  5800 | D:6      | Mangled by a yak

Illustrated notes

Levels and vault maps discovered:
D:1:      dpeg_arrival_ternary, layout_loops_ring,
          hellmonk_ecumenical_altar_crossroads, skrybe_limestone_x
D:2:      layout_loops_ring, basic_altar, serial_bayou_pond_a
D:3:      layout_loops_ring, mainiacjoe_overflow_alcove_2, serial_bayou_pond_d,
          minmay_vboxes, uniq_ijyb, uniq_sigmund, uniq_terence
D:4:      layout_rooms, mainiacjoe_overflow_concentric_impassable,
          kennysheep_slug_shrine, chequers_temple_overflow_statue_of_worship,
          minmay_temple_entry_drinking_statues
D:5:      layout_rooms, nicolae_sif_muna_condensation, serial_shops, shop,
          corexii_leaking_fountain, chequers_avenue
D:6:      layout_rooms, uniq_blork_the_orc
Temple:   jpeg_temple_alley_garden

Skill      XL: |  1  2  3  4  5  6  7  8 |
---------------+-------------------------+-----
Conjurations   | 2 3 4 5 6 |  6.1
Spellcasting   | 4 5 6 |  6.3
Air Magic      | 1 3 |  3.8
Poison Magic   | 2 3 4 |  4.2
Dodging        | |  1.7
Stealth        | |  1.7
Summonings     | |  1.0
Translocations | |  0.8

Action                   |  1- 3 |  4- 6 |  7- 9 || total
-------------------------+-------+-------+-------++-------
Melee: Mace              |    14 |    34 |    81 ||   129
       Punch             |       |     1 |     1 ||     2
Throw: Dart              |       |     2 |     2 ||     4
 Cast: Magic Dart        |    75 |    85 |    85 ||   245
       Mephitic Cloud    |       |       |     4 ||     4
Evoke: Wand              |       |       |     3 ||     3
  Use: Scroll            |     3 |     3 |     3 ||     9
 Stab: Confused          |       |       |     4 ||     4
       Paralysed         |       |       |     8 ||     8
Armor: Robe              |     4 |    19 |    35 ||    58
Dodge: Dodged            |    15 |    46 |    43 ||   104
